 Dungeon Crawl Stone Soup version 0.30-a0-355-g4c39ff33d3 (webtiles) character file.

Game seed: 1739613179078310065

684 Elric the Spear-Bearer (level 7, 0/52 HPs)
             Began as a Merfolk Reaver on Nov 8, 2022.
             Was a Believer of Uskayaw.
             Killed from afar by Blork the orc (6 damage)
             ... with a puff of flame
             ... on level 5 of the Dungeon.
             The game lasted 00:12:24 (4758 turns).

Elric the Spear-Bearer (Merfolk Reaver)             Turns: 4758, Time: 00:12:24

Health: 0/52       AC:  5    Str: 14    XL:     7   Next: 62%
Magic:  10/10      EV: 13    Int: 11    God:    Uskayaw [**....]
Gold:   108        SH:  0    Dex: 12    Spells: 4/10 levels left

rFire   . . .      SeeInvis .    j - +0 trident
rCold   . . .      Faith    .    (no shield)
rNeg    . . .      Spirit   .    b - +0 leather armour
rPois   .          Reflect  .    (no helmet)
rElec   .          Harm     .    (no cloak)
rCorr   .          Rampage  .    (no gloves)
Will    .....                    (no boots)
Stlth   +.........               (no amulet)
HPRegen 0.28/turn                (no ring)
MPRegen 0.12/turn                (no ring)

@: no status effects
A: (nimble swimmer 2), mertail, iridescent scales 1, dopey 1, evolution 1
a: Renounce Religion, Stomp, Line Pass


You were on level 5 of the Dungeon.
You worshipped Uskayaw.
Uskayaw was noncommittal.
You visited 1 branch of the dungeon, and saw 5 of its levels.

You collected 158 gold pieces.
You spent 50 gold pieces at shops.

Inventory:

Hand Weapons
 a - a +0 spear
 j - a +0 trident (weapon)
Armour
 b - a +0 leather armour (worn)
Wands
 c - a wand of flame (9)
Scrolls
 d - 3 scrolls of identify
 f - a scroll of magic mapping
 k - a scroll of butterflies {unknown}
 l - a scroll of amnesia {unknown}
Potions
 e - a potion of invisibility
 g - a potion of magic {unknown}
 h - a potion of lignification {unknown}
 i - a potion of heal wounds
 n - a potion of might {unknown}
 o - a potion of flight {unknown}


   Skills:
 + Level 3.4 Fighting
 * Level 8.2 Polearms
 + Level 5.1 Dodging
 - Level 2.0 Spellcasting
 + Level 3.1 Conjurations
 + Level 2.4 Translocations


You had 4 spell levels left.
You knew the following spells:

 Your Spells              Type           Power      Damage    Failure   Level
a - Kiss of Death         Conj/Necr      16%        2d6       21%         1
b - Momentum Strike       Conj/Tloc      14%        3d8       19%         2
c - Hailstorm             Conj/Ice       4%         3d4       52%         3

Your spell library contained the following spells:

 Spells                   Type           Power      Damage    Failure   Level
 Cigotuvi's Dreadful Rot  Necr/Pois/Air  2%         N/A       50%         2
 Poisonous Vapours        Pois/Air       2%         N/A       50%         2
 Mephitic Cloud           Conj/Pois/Air  3%         N/A       58%         3


Dungeon Overview and Level Annotations

Branches:
Dungeon (5/15)             Temple (0/1) D:4

Altars:
Cheibriados
Elyvilon
Kikubaaqudgha
Uskayaw
Wu Jian
Yredelemnul
Zin

Shops:
D:2 !==?

Annotations:
D:5 Blork the orc


Innate Abilities, Weirdness & Mutations

((You are very nimble when in or above water. (Stealth+, EV+, Speed+++)))
Your lower body shifts to a powerful aquatic tail in water.
You are partially covered in iridescent scales. (AC +2)
You are dopey. (Int -2)
You have hidden genetic potential.


Message History

You miss the ufetubus. You miss the ufetubus. The ufetubus hits you.
* * * LOW HITPOINT WARNING * * *
The ufetubus misses you.
You hit the ufetubus.
The ufetubus is heavily wounded.
The ufetubus completely misses you. The ufetubus hits you.
* * * LOW HITPOINT WARNING * * *
You miss the ufetubus.
The ufetubus is heavily wounded.
The ufetubus hits you but does no damage.
The ufetubus barely misses you.
You hit the ufetubus but do no damage.
The ufetubus is moderately wounded.
The ufetubus hits you but does no damage.
The ufetubus closely misses you.
The ufetubus hits you but does no damage.
The ufetubus barely misses you.
You miss the ufetubus.
The ufetubus is moderately wounded.
The ufetubus barely misses you. The ufetubus hits you.
* * * LOW HITPOINT WARNING * * *
You puncture the ufetubus!
You kill the ufetubus!
You barely miss the adder. The adder closely misses you.
You hit the adder.
The adder is lightly wounded.
The adder bites you but does no damage. x2
You can now pass through a line of other dancers.
You completely miss the adder.
The adder is lightly wounded.
The adder misses you.
Blork the orc screams, "I don't like you!"
Blork the orc hits you from afar with a +0 trident.
* * * LOW HITPOINT WARNING * * *
You puncture the adder!
You kill the adder!
Blork the orc casts a spell at you. The puff of flame hits you.
You die...

#..........# #..........#
#..........# #..........#
#...../....###
#......o.....####
#######o#.......#
#.#.......#
#@#.......######
#.#............#
#.#............#
#.#............# #
#########.#####........# #
#.........# #........# #
#.#############.....รท..###
#.#)..........'........'..
#......########.....)..###


You could see Blork the orc (fast) and an orc.

Vanquished Creatures
  Sigmund (D:5)
  A centaur (D:3)
  A phantom (D:4)
  A necrophage (D:4)
  A howler monkey (D:4)
  2 orc priests (D:5)
  2 iguanas
  Jessica (D:2)
  An orc wizard (D:4)
  8 adders
  An ufetubus (D:5)
  2 worms
  4 dart slugs
  12 orcs
  5 endoplasms
  A giant cockroach (D:3)
  9 goblins
  10 hobgoblins
  7 jackals
  5 quokkas
  6 ball pythons
  5 bats
  2 frilled lizards (D:1)
  5 kobolds
  2 rats
95 creatures vanquished.

Vanquished Creatures (others)
  A worm (D:3)
  A kobold (D:3)
  16 plants
18 creatures vanquished.

Grand Total: 113 creatures vanquished

Notes
Turn   | Place    | Note
-------+----------+-------------------------------------------
     0 | D:1      | Elric the Merfolk Reaver began the quest for the Orb.
     0 | D:1      | Reached XP level 1. HP: 16/16 MP: 3/3
   377 | D:1      | Reached XP level 2. HP: 18/22 MP: 5/5
   649 | D:1      | Reached skill level 5 in Polearms
   854 | D:2      | Learned a level 2 spell: Momentum Strike
   879 | D:2      | Found Caakk's Distillery.
   887 | D:2      | Bought a potion of heal wounds for 50 gold pieces
   888 | D:2      | Found Carorhed's Jewellery Boutique.
   954 | D:2      | Reached XP level 3. HP: 11/27 MP: 6/6
  1024 | D:2      | Noticed Jessica
  1040 | D:2      | Killed Jessica
  1085 | D:2      | Found Beabiot's Magic Scroll Shop.
  1120 | D:2      | Reached XP level 4. HP: 31/33 MP: 7/7
  1148 | D:2      | Found Ixtofosi's Jewellery Boutique.
  1832 | D:3      | Noticed a centaur
  1848 | D:3      | Reached skill level 6 in Polearms
  1848 | D:3      | Reached skill level 1 in Translocations
  1852 | D:3      | Killed a centaur
  1853 | D:3      | Reached XP level 5. HP: 5/38 MP: 5/8
  2127 | D:3      | Learned a level 3 spell: Hailstorm
  2131 | D:3      | Found a white marble altar of Elyvilon.
  2425 | D:3      | Found an ancient bone altar of Kikubaaqudgha.
  2425 | D:3      | Found a snail-covered altar of Cheibriados.
  2425 | D:3      | Found a basalt altar of Yredelemnul.
  2425 | D:3      | Found an ornate altar of the Wu Jian Council.
  2427 | D:3      | Found a glowing silver altar of Zin.
  2431 | D:3      | Found a hide-covered altar of Uskayaw.
  2624 | D:3      | Became a worshipper of Uskayaw the Reveller
  2715 | D:3      | Reached * piety under Uskayaw
  2924 | D:4      | Reached ** piety under Uskayaw
  2940 | D:4      | Reached XP level 6. HP: 28/46 MP: 9/9
  3020 | D:4      | Reached skill level 7 in Polearms
  3195 | D:4      | Found a staircase to the Ecumenical Temple.
  3226 | D:4      | Reached *** piety under Uskayaw
  3228 | D:4      | Reached **** piety under Uskayaw
  3243 | D:4      | Reached ***** piety under Uskayaw
  3332 | D:4      | Reached XP level 7. HP: 25/52 MP: 10/10
  4240 | D:5      | Entered Level 5 of the Dungeon
  4264 | D:5      | Noticed Sigmund
  4273 | D:5      | Gained mutation: You are dopey. (Int -2) [potion of
                  | mutation]
  4273 | D:5      | Gained mutation: You are partially covered in iridescent
                  | scales. (AC +2) [potion of mutation]
  4273 | D:5      | Gained mutation: You have hidden genetic potential. [potion
                  | of mutation]
  4291 | D:5      | Killed Sigmund
  4292 | D:5      | Reached skill level 8 in Polearms
  4292 | D:5      | Reached skill level 5 in Dodging
  4735 | D:5      | Noticed Blork the orc
  4758 | D:5      | Killed from afar by Blork the orc

Illustrated notes

Levels and vault maps discovered:
D:1:      dpeg_arrival_simpleton_a, layout_loops_corners
D:2:      layout_basic, serial_shops, shop_fountains, nicolae_shop_statue_plus,
          shop_statue, shop, uniq_jessica
D:3:      layout_rooms, minitemple, nicolae_elyvilon_temple_path,
          hangedman_decor_peaks_small
D:4:      layout_rooms, minmay_temple_entry_trees, serial_bayou_pond_c,
          kennysheep_generic_room_10
D:5:      layout_basic, grunt_gozag_statues, mainiacjoe_overflow_24_doors,
          uniq_crazy_yiuf_cottage, uniq_blork_the_orc, uniq_sigmund

Skill      XL: |  1  2  3  4  5  6  7 |
---------------+----------------------+-----
Polearms       | 5 6 7 8 |  8.2
Dodging        | 3 4 5 |  5.1
Translocations | 1 2 |  2.4
Fighting       | 3 |  3.4
Conjurations   | 3 |  3.1
Spellcasting   | |  2.0

Action                   |  1- 3 |  4- 6 |  7- 9 || total
-------------------------+-------+-------+-------++-------
Melee: Spear             |    56 |       |       ||    56
       Trident           |    29 |   246 |   119 ||   394
       Punch             |       |     1 |       ||     1
 Cast: Kiss of Death     |       |     2 |       ||     2
       Momentum Strike   |       |     1 |     1 ||     2
  Use: Potion            |       |     3 |     4 ||     7
       Scroll            |       |       |     4 ||     4
 Stab: Sleeping          |     1 |       |       ||     1
       Paralysed         |       |     2 |     1 ||     3
       Invisible         |       |       |     5 ||     5
Armor: Leather armour    |    13 |    51 |    31 ||    95
Dodge: Dodged            |    34 |   174 |    86 ||   294

Table legend: (Time is in decaauts)
 A = Elapsed time spent in this place.
 B = Non-inter-level travel time spent in this place.
 C = Inter-level travel time spent in this place.
 D = Time resting spent in this place.
 E = Time spent auto-exploring this place.
 F = Levels seen in this place.
 G = Mean time per level.
                   A        B        C        D        E       F      G
               +--------+--------+--------+--------+--------+-----+--------+
         Total |   4697 |   4384 |    313 |    788 |   2823 |   5 |  939.4 |
       Dungeon |   4697 |   4384 |    313 |    788 |   2823 |   5 |  939.4 |
               +--------+--------+--------+--------+--------+-----+--------+

Top non-repeatable levels by time:
     D:3: 1558 daAuts
     D:2: 935 daAuts
     D:4: 882 daAuts
     D:1: 843 daAuts
     D:5: 478 daAuts
